 Dungeon Crawl Stone Soup version 0.31-a0-214-gb37851dbb3 (webtiles) character file.

Game seed: 12293318791243206387

644 voltaire321 the Stinger (level 7, -1/51 HPs)
             Began as a Demonspawn Venom Mage on July 1, 2023.
             Blown up by Ijyb (17 damage)
             ... with a mindburst bolt
             ... on level 5 of the Dungeon.
             The game lasted 00:11:48 (3987 turns).

voltaire321 the Stinger (Demonspawn Venom Mage)     Turns: 3987, Time: 00:11:49

Health: -1/51      AC: 14    Str: 10    XL:     7   Next: 26%
Magic:  21/21      EV: 12    Int: 17    God:
Gold:   161        SH:  0    Dex: 13    Spells: 6/13 levels left

rFire   . . .        w - +1 flail (heavy)
rCold   . . .        (no shield)
rNeg    . . .        m - +0 leather armour
rPois   +            (no helmet)
rElec   .            (no cloak)
rCorr   .            q - +0 pair of gloves
SInv    .            d - +0 pair of boots
Will    .....        (no amulet)
Stlth   ++           o - ring of poison resistance
HPRegen 0.28/turn    j - ring of magical power
MPRegen 0.17/turn

%: no passive effects
@: sanguine armoured, studying Ranged Weapons
A: demonic guardian 1, powered by death 1, sanguine armour 2, weakness stinger 1
a: no special abilities


You were on level 5 of the Dungeon.
You visited 1 branch of the dungeon, and saw 5 of its levels.

You collected 304 gold pieces.
You spent 143 gold pieces at shops.

Inventory:

Hand Weapons
 c - a +0 dagger
 f - a +0 long sword
 w - a +1 heavy flail (weapon)
 A - a +1 whip of venom
Armour
 d - a +0 pair of boots (worn)
 m - a +0 leather armour (worn)
 q - a +0 pair of gloves (worn)
Jewellery
 e - a ring of protection from fire
 j - a ring of magical power (right hand)
 o - a ring of poison resistance (left hand)
 t - a ring of protection from cold
Wands
 u - a wand of paralysis (3)
Scrolls
 g - 2 scrolls of identify
 h - a scroll of enchant weapon {unknown}
 k - 3 scrolls of amnesia {unknown}
 l - a scroll of fear {unknown}
 n - a scroll of fog {unknown}
 p - 5 scrolls of teleportation
 r - a scroll of acquirement {unknown}
 y - a scroll of poison {unknown}
 z - a scroll of blinking {unknown}
Potions
 a - 4 potions of curing
 b - a potion of magic
 i - 3 potions of lignification
 s - a potion of haste
 v - 2 potions of brilliance
 x - a potion of heal wounds


   Skills:
 + Level 2.8 Fighting
 + Level 2.5 Armour
 + Level 3.5 Dodging
 - Level 2.1 Stealth
 + Level 3.6 Spellcasting
 - Level 2.0 Transmutations
 + Level 4.5 Poison Magic


You had 6 spell levels left.
You knew the following spells:

 Your Spells              Type           Power      Damage    Failure   Level
a - Sting                 Tmut/Pois      56%        1d5       5%          1
b - Poisonous Vapours     Pois/Air       20%        N/A       13%         2
c - Olgreb's Toxic Radia  Pois           18%        N/A       32%         4

Your spell library contained the following spells:

 Spells                   Type           Power      Damage    Failure   Level
 Cigotuvi's Dreadful Rot  Necr/Pois/Air  16%        N/A       17%         2
 Kiss of Death            Conj/Necr      12%        2d6       22%         1
 Magic Dart               Conj           12%        1d3       22%         1
 Call Imp                 Summ           6%         N/A       32%         2
 Mephitic Cloud           Conj/Pois/Air  8%         N/A       34%         3
 Confusing Touch          Hex            3%         N/A       54%         3
 Dispel Undead            Necr           3%         3d7       91%         4
 Death Channel            Necr           1%         N/A       100%        6


Dungeon Overview and Level Annotations

Branches:
Dungeon (5/15)
 Temple: D:4-7

Altars:
Gozag
Makhleb
Ru
Sif Muna
Xom

Shops:
D:4 ?

Annotations:
D:5 Ijyb


Innate Abilities, Weirdness & Mutations

A weak demonic guardian rushes to your aid.
You regenerate a little health from kills.
When seriously injured, your blood forms thick armour. (AC +9)
You have a small tail.


Message History

Confirm with . or Enter, or press ? or * to list all spells.
Aiming: Poisonous Vapours (safe; 13% risk of failure)
Press: ? - help, Dir - move target, f - Ijyb
Aim: Ijyb, wielding a +0 dagger, wearing a +0 scale mail and carrying a wand of mindburst (20) (asleep) Poisonous vapours surround Ijyb!
Ijyb is poisoned.
Ijyb shouts!
You closely miss Ijyb.
Your tail-slap misses Ijyb.
Ijyb hits you with a +0 dagger. x2
You closely miss Ijyb. You tail-slap Ijyb, but do no damage.
Ijyb zaps a wand.
You struggle to resist.
Ijyb screams, "I dance on your bones!" Ijyb barely misses you.
You closely miss Ijyb. You tail-slap Ijyb, but do no damage.
Ijyb looks more healthy.
Ijyb zaps a wand.
Your mind is blasted!
Ijyb hits you but does no damage.
You sock Ijyb!
Ijyb is heavily wounded.
Ijyb hits you but does no damage.
Ijyb screams, "No!
No, no, no, no!"
Ijyb hits you with a +0 dagger.
You hit Ijyb.
Ijyb is heavily wounded.
Ijyb hits you but does no damage. Ijyb hits you with a +0 dagger.
A demonic guardian appears!
You swap places.
Ijyb hits your iron imp with a +0 dagger.
Ijyb hits your iron imp with a +0 dagger.
Your iron imp hits Ijyb but does no damage.
Ijyb zaps a wand.
Your iron imp's mind is blasted!
Your iron imp is blown up!
Your iron imp disappears in a puff of smoke!
You completely miss Ijyb.
Ijyb is heavily wounded.
Ijyb zaps a wand.
Your mind is blasted!
Your blood congeals into armour.
Ijyb zaps a wand.
Your mind is blasted!
* * * LOW HITPOINT WARNING * * *
You sock Ijyb!
Your tail-slap misses Ijyb.
Ijyb is severely wounded.
Ijyb zaps a wand.
Your mind is blasted!
You die...

#.#.######.###.#
#..........# .#
## ###.#####..#
.. #. #.#####.. #
#. #....## #.
#.)#######+ # #.
#.#...#...# .
#.#####.#...#...#
#
#.g@..#.#.......#
#
#####.#.###._.###
#
#.#.#.......####
#.#.#...#.†.#...
#.#.#...#...#...
#...+#######'...
#...............
#.............÷.
#...............


You could see Ijyb.

Vanquished Creatures
  A black bear (D:5)
  An ogre (D:5)
  A scorpion (D:5)
  A bullfrog (D:3)
  A howler monkey (D:4)
  An orc priest (D:3)
  2 hounds
  3 iron imps (D:5)
  An orc wizard (D:5)
  2 adders (D:4)
  A worm (D:3)
  11 orcs
  6 bats
  10 endoplasms
  2 giant cockroaches
  5 goblins
  8 hobgoblins
  2 jackals (D:4)
  3 quokkas
  5 ball pythons
  4 frilled lizards
  8 kobolds
  7 rats
86 creatures vanquished.

Notes
Turn   | Place    | Note
-------+----------+-------------------------------------------
     0 | D:1      | voltaire321 the Demonspawn Venom Mage began the quest for
                  | the Orb.
     0 | D:1      | Reached XP level 1. HP: 13/13 MP: 3/3
    90 | D:1      | Reached skill level 1 in Transmutations
   183 | D:1      | Gained mutation: You regenerate a little health from kills.
                  | [demonic ancestry]
   183 | D:1      | Reached XP level 2. HP: 19/19 MP: 0/5
   790 | D:2      | Learned a level 2 spell: Poisonous Vapours
  1218 | D:2      | Found an opulent altar of Gozag.
  1244 | D:2      | Gained mutation: You have a small tail. [demonic ancestry]
  1244 | D:2      | Reached XP level 3. HP: 20/24 MP: 6/6
  1607 | D:2      | Found a faded altar of an unknown god.
  1872 | D:3      | Noticed a bullfrog
  1885 | D:3      | Killed a bullfrog
  1886 | D:3      | Reached skill level 1 in Fighting
  1886 | D:3      | Reached skill level 1 in Armour
  1886 | D:3      | Gained mutation: When seriously injured, your blood forms
                  | armour. (AC +9) [demonic ancestry]
  1886 | D:3      | Reached XP level 4. HP: 7/32 MP: 7/7
  2190 | D:3      | Reached XP level 5. HP: 19/37 MP: 9/9
  2514 | D:3      | Learned a level 4 spell: Olgreb's Toxic Radiance
  2951 | D:4      | Found a shimmering blue altar of Sif Muna.
  3304 | D:4      | Found a shimmering altar of Xom.
  3351 | D:4      | Found Dinwokun's Magic Scroll Boutique.
  3360 | D:4      | Bought 3 scrolls of teleportation for 117 gold pieces
  3360 | D:4      | Bought a scroll of identify for 26 gold pieces
  3421 | D:4      | Reached skill level 4 in Poison Magic
  3421 | D:4      | Gained mutation: When seriously injured, your blood forms
                  | thick armour. (AC +9) [demonic ancestry]
  3421 | D:4      | Reached XP level 6. HP: 33/44 MP: 10/10
  3602 | D:5      | Entered Level 5 of the Dungeon
  3699 | D:5      | Found a sacrificial altar of Ru.
  3745 | D:5      | Gained mutation: A weak demonic guardian rushes to your
                  | aid. [demonic ancestry]
  3745 | D:5      | Reached XP level 7. HP: 44/51 MP: 12/12
  3814 | D:5      | Found a burning altar of Makhleb.
  3975 | D:5      | Noticed Ijyb
  3987 | D:5      | Blown up by Ijyb

Illustrated notes

Levels and vault maps discovered:
D:1:      dpeg_arrival_lava_temple_mockup, layout_basic, minmay_tetromino_i4
D:2:      layout_basic, dilly_ecumenical_altar_fadedgnrine, basic_altar,
          kennysheep_generic_room_10
D:3:      layout_rooms, mainiacjoe_overflow_24_doors
D:4:      layout_cave_pools, xom_butterflies, nicolae_overflow_squiral,
          serial_shops, nicolae_lakefront_shop
D:5:      layout_basic, demons_altar, nicolae_ru_great_annihilating_truth,
          lemuel_crystal_altar, minmay_temple_entry_junction, uniq_ijyb

Skill      XL: |  1  2  3  4  5  6 |
---------------+-------------------+-----
Transmutations | 1 2 |  2.0
Stealth        | 2 |  2.1
Dodging        | 2 3 |  3.5
Fighting       | 1 2 |  2.8
Armour         | 1 2 |  2.5
Spellcasting   | 3 |  3.6
Poison Magic   | 4 |  4.5

Action                     |  1- 3 |  4- 6 |  7- 9 || total
---------------------------+-------+-------+-------++-------
  Melee: Dagger            |    42 |    28 |       ||    70
         Tailslap          |       |     5 |     3 ||     8
         Flail             |       |    16 |    22 ||    38
   Cast: Sting             |    50 |    88 |     6 ||   144
         Poisonous Vapours |       |     3 |     1 ||     4
         Olgreb's Toxic Ra |       |     1 |       ||     1
    Use: Scroll            |       |     6 |       ||     6
   Stab: Distracted        |     1 |       |       ||     1
         Sleeping          |       |     1 |       ||     1
 Armour: Robe              |    11 |    11 |       ||    22
         Leather armour    |       |    24 |    10 ||    34
  Dodge: Dodged            |    25 |    57 |    11 ||    93

Table legend: (Time is in decaauts)
 A = Elapsed time spent in this place.
 B = Non-inter-level travel time spent in this place.
 C = Inter-level travel time spent in this place.
 D = Time resting spent in this place.
 E = Time spent auto-exploring this place.
 F = Levels seen in this place.
 G = Mean time per level.
                   A        B        C        D        E       F      G
               +--------+--------+--------+--------+--------+-----+--------+
         Total |   4026 |   3883 |    143 |   1060 |   1876 |   5 |  805.2 |
       Dungeon |   4026 |   3883 |    143 |   1060 |   1876 |   5 |  805.2 |
               +--------+--------+--------+--------+--------+-----+--------+

Top non-repeatable levels by time:
     D:2: 1348 daAuts
     D:4: 855 daAuts
     D:1: 776 daAuts
     D:3: 629 daAuts
     D:5: 416 daAuts
